 Dungeon Crawl Stone Soup version 0.29.1-14-g9c671dbff4 (webtiles) character file.

Game seed: 17331995906526311406

1409 Bomj the Spear-Bearer (level 8, -3/64 (74) HPs)
             Began as a Minotaur Berserker on Feb 14, 2023.
             Was a Priest of Trog.
             Slain by a wight
             ... wielding a +2 dire flail
              (7 damage)
             ... on level 6 of the Dungeon.
             The game lasted 00:47:28 (5883 turns).

Bomj the Spear-Bearer (Minotaur Berserker)          Turns: 5883, Time: 00:47:28

HP:   -3/64 (74)    AC:  8    Str: 23    XL:     8   Next: 42%
MP:   7/7           EV: 11    Int:  4    God:    Trog [***...]
Gold: 218           SH:  0    Dex: 11    Spells: 7/7 levels left

rFire   . . .      SeeInvis .   a - +0 spear
rCold   . . .      Faith    +   (no shield)
rNeg    . . .      Spirit   .   n - +0 scale mail
rPois   .          Reflect  .   (helmet restricted)
rElec   .          Harm     .   (no cloak)
rCorr   .          Rampage  .   (no gloves)
Will    .....                   v - +0 pair of boots
Stlth   ..........              j - amulet of faith
HPRegen 0.20/turn               (no ring)
MPRegen 0.10/turn               (no ring)

@: heavily drained
A: horns 2, retaliatory headbutt
a: Renounce Religion, Berserk, Trog's Hand


You were on level 6 of the Dungeon.
You worshipped Trog.
Trog was most pleased with you.
You visited 1 branch of the dungeon, and saw 6 of its levels.

You collected 218 gold pieces.

Inventory:

Hand Weapons
 a - a +0 spear (weapon)
Armour
 n - a +0 scale mail (worn)
 v - a +0 pair of boots (worn)
 w - +0 steam dragon scales
Jewellery
 j - an amulet of faith (around neck)
 q - an amulet of regeneration
Wands
 b - a wand of acid (6)
 t - a wand of digging (8)
Scrolls
 c - 3 scrolls of teleportation {unknown}
 e - 2 scrolls of vulnerability {unknown}
 h - a scroll of amnesia {unknown}
 i - 3 scrolls of enchant armour {unknown}
 k - 8 scrolls of identify {unknown}
 m - 2 scrolls of summoning {unknown}
 o - 2 scrolls of immolation {unknown}
 s - a scroll of poison {unknown}
 u - a scroll of blinking {unknown}
 x - a scroll of fear {unknown}
 y - a scroll of enchant weapon {unknown}
Potions
 d - 3 potions of haste {unknown}
 f - 2 potions of heal wounds {unknown}
 g - a potion of magic {unknown}
 l - 2 potions of curing {unknown}
 p - a potion of degeneration {unknown}
 r - 2 potions of brilliance {unknown}


   Skills:
 * Level 8.0 Fighting
 * Level 8.0 Polearms
 + Level 5.5 Armour
 + Level 5.1 Dodging
 + Level 1.0 Invocations


You had 7 spell levels left.
You didn't know any spells.
Your spell library was empty.

Dungeon Overview and Level Annotations

Branches:
Dungeon (6/15)             Temple (0/1) D:5

Altars:
Nemelex Xobeh

Shops:
D:4 (


Innate Abilities, Weirdness & Mutations

You have a pair of horns on your head.
You reflexively headbutt those who attack you in melee.


Message History

Unknown command.
Unknown command.
Unknown command.
Unknown command.
Unknown command.
Unknown command.
Welcome back, Bomj the Minotaur Berserker.
Trog says: Kill them all!
Press ? for a list of commands and other information.
Welcome back, Bomj the Minotaur Berserker.
Trog says: Kill them all!
Press ? for a list of commands and other information.
You are too injured to fight recklessly!
You are too injured to fight recklessly!
Reach: a) +0 spear
Press: ? - help, Dir - move target The wight is in the way.
You hit the wight but do no damage.
The wight is severely damaged.
You hit the wight but do no damage.
The wight is severely damaged.
The wight hits you with a +4 scimitar!
* * * LOW HITPOINT WARNING * * *
You hit the wight.
You headbutt the wight, but do no damage.
The wight is almost destroyed.
You completely miss the wight.
The wight is almost destroyed.
The wight hits you with a +4 scimitar.
* * * LOW HITPOINT WARNING * * *
You feel drained.
* * * LOW HITPOINT WARNING * * *
The wight hits you with a +2 dire flail!
* * * LOW HITPOINT WARNING * * *
You feel drained.
* * * LOW HITPOINT WARNING * * *
You puncture the wight!
You destroy the wight!
Trog accepts your kill.
The wight hits you with a +2 dire flail!
You die...

.#.####..#### #.#
.#.#........# #.#
.....##..##.# #.#
.....##.)##.###.#
....###..>......#
.#.#####.##.#####
.........##.#
##.########.######
##'## #....)@#
#...## ######z#
.....## #[#
......## #.#
.......# #.#
.....>.+
......[....<...
.......#
##...##.#######
......## ##. #.#
.....## # #.#


You could see a wight.

Vanquished Creatures
  The ghost of chromat the Insei, an amateur DsMo (D:3)
  2 steam dragons
  A black bear (D:5)
  A bullfrog (D:3)
  A necrophage (D:5)
  2 scorpions (D:4)
  3 wights (D:6)
  A hound (D:5)
  3 jellies
  2 gnoll boudas
  5 iguanas
  12 gnolls
  2 adders
  An ufetubus (D:5)
  A worm (D:3)
  14 orcs
  16 endoplasms
  4 giant cockroaches
  10 goblins
  8 hobgoblins
  4 jackals
  7 quokkas
  5 ball pythons
  3 bats
  4 frilled lizards
  10 kobolds
  4 rats
127 creatures vanquished.

Vanquished Creatures (others)
  6 fungi (D:2)
  3 plants (D:2)
9 creatures vanquished.

Grand Total: 136 creatures vanquished

Notes
Turn   | Place    | Note
-------+----------+-------------------------------------------
     0 | D:1      | Bomj the Minotaur Berserker began the quest for the Orb.
     0 | D:1      | Reached XP level 1. HP: 19/19 MP: 0/0
   309 | D:1      | Reached XP level 2. HP: 27/27 MP: 1/1
   446 | D:1      | Reached ** piety under Trog
   572 | D:1      | Reached XP level 3. HP: 33/33 MP: 2/2
  1686 | D:2      | Found a faded altar of an unknown god.
  1838 | D:2      | Reached XP level 4. HP: 41/41 MP: 3/3
  2048 | D:3      | Found a transporter.
  2054 | D:3      | Noticed a bullfrog
  2451 | D:3      | Noticed chromat's ghost (amateur DsMo)
  2485 | D:3      | Found a transporter.
  2633 | D:3      | Found a sparkling altar of Nemelex Xobeh.
  2815 | D:3      | Killed a bullfrog
  2816 | D:3      | Reached skill level 5 in Fighting
  2816 | D:3      | Reached skill level 5 in Polearms
  2816 | D:3      | Reached XP level 5. HP: 48/48 MP: 4/4
  2820 | D:3      | Killed chromat's ghost
  2821 | D:3      | Reached XP level 6. HP: 56/56 MP: 5/5
  2876 | D:4      | Reached *** piety under Trog
  3410 | D:4      | Found Nuf Wage's Weapon Boutique.
  3567 | D:4      | Reached XP level 7. HP: 63/63 MP: 6/6
  3974 | D:5      | Entered Level 5 of the Dungeon
  4385 | D:5      | Found a staircase to the Ecumenical Temple.
  4674 | D:5      | Noticed a steam dragon
  4690 | D:5      | Killed a steam dragon
  4882 | D:5      | Reached XP level 8. HP: 71/73 MP: 7/7
  5067 | D:5      | Reached skill level 5 in Armour
  5546 | D:6      | Reached skill level 5 in Dodging
  5870 | D:6      | Reached skill level 1 in Invocations
  5883 | D:6      | Slain by a wight

Illustrated notes

Levels and vault maps discovered:
D:1:      dpeg_arrival_pond, layout_basic, corexii_leaking_fountain
D:2:      minmay_spotlight, layout_basic,
          shapermc_ecumenical_altar_mp_urbaneastern, st_stairs_13,
          minmay_tromino_v4_b
D:3:      layout_basic, mainiacjoe_overflow_paths, gammafunk_ghost_arena
D:4:      layout_loops_ring, serial_shops, nicolae_shop_bloodbath_and_beyond,
          minmay_starry_boxes
D:5:      layout_cave_pools, lemuel_temple_firewalk_b, serial_co_window_serial,
          co_window_paths_a, co_window_paths_b, co_window_paths_b,
          co_window_corner_a, co_window_corner_a, co_window_paths_b,
          co_window_corner_cb, co_window_corner_b, co_window_paths_c,
          co_window_paths_e, glass_columns_c, glass_columns_c, glass_columns_a,
          glass_columns_b
D:6:      layout_loops_corners

Skill      XL: |  1  2  3  4  5  6  7  8 |
---------------+-------------------------+-----
Fighting       | 4 5 6 7 8 |  8.0
Polearms       | 4 5 6 7 8 |  8.0
Armour         | 3 4 5 |  5.5
Dodging        | 3 4 5 |  5.1
Invocations    | 1 |  1.0

Action                   |  1- 3 |  4- 6 |  7- 9 || total
-------------------------+-------+-------+-------++-------
Melee: Spear             |   100 |   100 |   181 ||   381
       Headbutt          |    18 |    16 |    38 ||    72
       Punch             |     1 |       |     1 ||     2
Invok: Berserk           |       |     3 |     5 ||     8
       Trog's Hand       |       |     1 |     1 ||     2
 Stab: Sleeping          |     1 |     1 |       ||     2
Armor: Animal skin       |    11 |     6 |       ||    17
       Scale mail        |       |    10 |    43 ||    53
Dodge: Dodged            |    27 |    45 |    57 ||   129
